AoeStats
← Henrik

Black Forest

510185051Analyzed
4v4 RM · 2d ago on Sep 29, 2026· 59m 16s· 8 players
Game mode
Random Map
Map size
Large (8 player)
Population
200
Speed
Normal
Resources
Standard
Victory
Conquest
Starting age
Dark Age
Ending age
Imperial Age
RankedLock teamsTeams togetherTeam positionsShared explorationLock speedFull tech treeHidden civsTurbo modeCheats
Victory
Defeat
🇺🇸 Britons · United States
924
+16
🇪🇸 Persians · Spain
922
+16
🇲🇽 Saracens · Mexico
906
+17
🇺🇸 Chinese · United States
838
+18
🇬🇧 Persians · United Kingdom
972
-19
🇬🇧 Slavs · United Kingdom
970
-19
🇨🇳 Goths · China
879
-15
🇨🇳 Portuguese · China
848
-14
AlexShukov13
0:26 Loom
12:53 Feudal Age
15:52 Fletching
19:30 Castle Age
18:52 Padded Archer Armor
19:25 Double-Bit Axe
19:22 Horse Collar
19:34 Gold Mining
21:10 Crossbowman
26:15 Ballistics
29:29 Stone Mining
30:16 Wheelbarrow
29:27 Town Watch
31:01 Bodkin Arrow
31:22 Leather Archer Armor
31:34 Hand Cart
34:01 Gold Shaft Mining
38:04 Imperial Age
36:17 Pikeman
36:58 Squires
36:43 Gambesons
36:45 Arson
37:42 Forging
37:32 Scale Mail Armor
38:05 Yeomen
39:03 Bow Saw
38:55 Heavy Plow
40:00 Chemistry
38:43 Halberdier
39:28 Arbalester
41:17 Conscription
41:20 Bracer
41:50 Ring Archer Armor
41:56 Iron Casting
41:36 Chain Mail Armor
41:39 Elite Skirmisher
43:47 Elite Longbowman
48:09 Blast Furnace
47:14 Scale Barding Armor
47:42 Plate Mail Armor
47:27 Fortified Wall
51:07 Two-Man Saw
50:25 Warwolf
51:00 Hoardings
50:32 Cranequins
50:32 Heavy Mounted Crossbowman
53:53 Man-at-Arms
54:55 Scale Barding Armor
54:52 Town Patrol
54:54 Murder Holes
55:04 Siege Engineers
55:10 Masonry
SER
4:41 Loom
10:08 Feudal Age
10:15 Man-at-Arms
11:34 Double-Bit Axe
14:21 Arson
15:48 Horse Collar
17:16 Forging
19:19 Scale Mail Armor
24:17 Town Watch
26:50 Castle Age
25:39 Gold Mining
26:42 Scale Barding Armor
28:02 Town Patrol
29:06 Bow Saw
29:07 Heavy Plow
35:11 Imperial Age
33:35 Gold Shaft Mining
34:27 Fletching
37:11 Two-Man Saw
39:29 Stone Mining
42:49 Chain Barding Armor
44:11 Onager
46:04 Conscription
46:20 Hoardings
45:38 Siege Onager
47:40 Wheelbarrow
49:21 Hand Cart
53:05 Plate Barding Armor
52:41 Bloodlines
53:22 Siege Engineers
54:18 Chemistry
55:29 Iron Casting
54:56 Husbandry
54:19 Light Cavalry
57:11 Hussar
58:53 Blast Furnace
oxrollin
1:18 Loom
11:23 Feudal Age
13:02 Wheelbarrow
12:17 Double-Bit Axe
14:18 Horse Collar
18:53 Castle Age
20:19 Bow Saw
21:18 Heavy Plow
21:21 Gold Mining
26:14 Fletching
26:25 Padded Archer Armor
30:26 Hand Cart
30:56 Bodkin Arrow
31:18 Leather Archer Armor
31:27 Ballistics
32:01 Thumb Ring
31:18 Crossbowman
32:05 Squires
31:50 Arson
36:10 Imperial Age
33:58 Caravan
35:08 Gold Shaft Mining
34:24 Stone Mining
35:45 Forging
35:35 Scale Mail Armor
36:03 Masonry
35:46 Guard Tower
37:29 Rocketry
37:30 Conscription
36:33 Heavy Rocket Cart
36:40 Arbalester
39:02 Two-Man Saw
39:52 Chemistry
39:28 Keep
41:15 Elite Fire Lancer
50:04 Chain Mail Armor
50:20 Ring Archer Armor
49:50 Bracer
50:26 Iron Casting
53:09 Plate Mail Armor
frankonil
0:28 Loom
13:51 Feudal Age
14:41 Double-Bit Axe
21:53 Castle Age
19:40 Horse Collar
20:11 Gold Mining
21:34 Stone Mining
24:32 Heavy Plow
24:37 Caravan
25:50 Wheelbarrow
32:27 Imperial Age
30:02 Town Watch
30:33 Hand Cart
31:28 Bow Saw
32:13 Stone Shaft Mining
32:30 Ballistics
32:23 Town Patrol
33:45 Chemistry
35:12 Scale Barding Armor
34:58 Fletching
35:58 Murder Holes
37:19 Elite War Elephant
38:03 Kamandaran
41:13 Chain Barding Armor
40:48 Bodkin Arrow
41:21 Crossbowman
42:10 Thumb Ring
43:53 Plate Barding Armor
43:19 Padded Archer Armor
50:39 Guard Tower
52:51 Leather Archer Armor
Henrik
12:47 Feudal Age
12:13 Loom
13:29 Horse Collar
19:51 Castle Age
20:10 Stone Mining
23:57 Double-Bit Axe
25:41 Heavy Plow
33:51 Imperial Age
32:08 Scale Mail Armor
32:19 Forging
34:11 Wheelbarrow
33:59 Caravan
34:53 Hand Cart
35:56 Chemistry
35:08 Fortified Wall
35:23 Conscription
35:43 Crop Rotation
41:48 Arquebus
43:41 Elite Skirmisher
44:29 Thumb Ring
44:51 Onager
46:50 Elite Organ Gun
47:08 Cavalier
47:49 Husbandry
47:59 Bloodlines
52:58 Pikeman
53:25 Gambesons
53:26 Arson
54:01 Light Cavalry
55:18 Halberdier
Hvide
0:45 Loom
12:07 Feudal Age
19:41 Double-Bit Axe
24:53 Castle Age
23:27 Fletching
27:08 Man-at-Arms
30:08 Pikeman
34:18 Squires
35:53 Bow Saw
39:41 Imperial Age
37:38 Detinets
45:39 Elite Skirmisher
46:21 Padded Archer Armor
46:17 Bodkin Arrow
47:25 Onager
48:46 Ballistics
52:31 Leather Archer Armor
52:08 Crossbowman
55:07 Conscription
56:55 Chemistry
Gila9x
10:41 Feudal Age
13:12 Double-Bit Axe
15:58 Castle Age
15:30 Gold Mining
16:54 Fletching
19:54 Squires
20:44 Elite Skirmisher
25:36 Padded Archer Armor
28:54 Wheelbarrow
28:19 Crossbowman
30:04 Hand Cart
31:10 Bow Saw
36:24 Imperial Age
33:41 Loom
35:39 Thumb Ring
36:02 Ballistics
36:16 Stone Mining
37:02 Gold Shaft Mining
37:47 Chemistry
37:37 Bodkin Arrow
37:58 Leather Archer Armor
39:55 Two-Man Saw
44:25 Ring Archer Armor
48:58 Husbandry
49:14 Bloodlines
48:26 Light Cavalry
53:46 Kamandaran
53:29 Heavy Scorpion
55:22 Forging
55:18 Scale Barding Armor
Letty
0:42 Loom
2:10 Loom
11:44 Feudal Age
18:30 Wheelbarrow
20:42 Castle Age
18:58 Double-Bit Axe
20:47 Horse Collar
22:05 Hand Cart
27:38 Stone Mining
27:41 Gold Mining
30:13 Stone Shaft Mining
29:56 Bow Saw
29:52 Heavy Plow
35:16 Imperial Age
33:11 Caravan
33:28 Town Watch
34:31 Pikeman
35:11 Squires
36:04 Forging
35:54 Scale Mail Armor
37:01 Chemistry
36:23 Ballistics
36:07 Halberdier
37:14 Conscription
36:55 Anarchy
36:57 Perfusion
40:41 Anarchy
41:04 Elite Skirmisher
44:30 Onager
Connection lost

Rejoining the realm…

Still unreachable

The connection could not be restored.

Session expired

The server has moved on; the page needs a fresh start.